 Dungeon Crawl Stone Soup version 0.30.0-18-gc0e69614cb (webtiles) character file.

Game seed: 12765525167321918344

23 Peloso the Covered (level 2, -6/27 HPs)
             Began as a Minotaur Fighter on May 25, 2023.
             Killed by nerve-wracking pain
             ... invoked by Jessica
              (9 damage)
             ... on level 2 of the Dungeon.
             The game lasted 00:01:34 (789 turns).

Peloso the Covered (Minotaur Fighter)                Turns: 789, Time: 00:01:35

Health: -6/27      AC:  7    Str: 20    XL:     2   Next: 75%
Magic:  1/1        EV:  9    Int:  5    God:
Gold:   60         SH:  4    Dex:  9    Spells: 1/1 levels left

rFire   . . .        a - +0 long sword
rCold   . . .        c - +0 buckler
rNeg    . . .        b - +0 scale mail
rPois   .            (helmet restricted)
rElec   .            (no cloak)
rCorr   .            (no gloves)
SInv    .            (no boots)
Will    .....        (no amulet) Stlth
                     (no ring)
HPRegen 0.24/turn    (no ring)
MPRegen 0.07/turn

%: no passive effects
@: no status effects
A: horns 2, retaliatory headbutt
a: no special abilities


You were on level 2 of the Dungeon.
You visited 1 branch of the dungeon, and saw 2 of its levels.

You collected 60 gold pieces.

Inventory:

Hand Weapons
 a - a +0 long sword (weapon)
Armour
 b - a +0 scale mail (worn)
 c - a +0 buckler (worn)
Jewellery
 l - a +5 ring of evasion
Scrolls
 j - a scroll of fear {unknown}
 k - 2 scrolls of immolation {unknown}
 m - a scroll of teleportation {unknown}
 n - a scroll of enchant armour {unknown}
Potions
 d - a potion of might
 h - a potion of magic


   Skills:
 + Level 4.1 Fighting
 + Level 2.6 Long Blades
 + Level 4.1 Armour
 + Level 4.0 Shields


You had one spell level left.
You didn't know any spells.
Your spell library was empty.

Dungeon Overview and Level Annotations

Branches:
Dungeon (2/15)

Altars:

Annotations:
D:2 Jessica


Innate Abilities, Weirdness & Mutations

You have a pair of horns on your head.
You reflexively headbutt those who attack you in melee.


Message History

The adder hisses angrily.
You hit the adder. Your headbutt misses the adder.
The adder is heavily wounded.
The adder bites you but does no damage. x2
You closely miss the adder. Your headbutt misses the adder.
The adder is heavily wounded.
You block the adder's attack.
You miss the adder.
The adder is heavily wounded.
The adder closely misses you. The adder barely misses you.
You slash the adder!
You kill the adder!
Your Shields skill increases to level 4!
You see here an adder corpse.
Jessica the Apprentice Sorceress comes into view.
She is wielding a +0 dagger.
Jessica moves out of view.
Jessica gestures at you while chanting. Pain shoots through your body!
Jessica mumbles some strange words.
Jessica seems to speed up.
You hit Jessica but do no damage. Jessica hits you with a +0 dagger.
Jessica hits you but does no damage.
You slash Jessica!
Jessica is almost dead.
You block Jessica's attack. Jessica hits you but does no damage.
You barely miss Jessica.
Jessica is almost dead.
Jessica points at you and mumbles some strange words.
You barely resist. Jessica casts a spell at you. Pain shoots through your body!
You barely miss Jessica.
Jessica is almost dead.
Jessica gestures at you while chanting. Pain shoots through your body!
Ouch! That really hurt!
* * * LOW HITPOINT WARNING * * *
Jessica gestures at you while chanting. Pain shoots through your body!
You die...

......# .....
..... ... ... #.#
#@# #@# #.#
#.################
#....†............
##################


You could see Jessica (fast).

Vanquished Creatures
  An adder (D:2)
  An endoplasm (D:1)
  A giant cockroach (D:1)
  3 hobgoblins (D:1)
  4 kobolds (D:1)
  2 ball pythons (D:1)
  A rat (D:1)
13 creatures vanquished.

Notes
Turn   | Place    | Note
-------+----------+-------------------------------------------
     0 | D:1      | Peloso the Minotaur Fighter began the quest for the Orb.
     0 | D:1      | Reached XP level 1. HP: 19/19 MP: 0/0
   187 | D:1      | Reached XP level 2. HP: 23/27 MP: 1/1
   781 | D:2      | Noticed Jessica
   789 | D:2      | Killed from afar by Jessica

Illustrated notes

Levels and vault maps discovered:
D:1:      wander_arrival_desolate, layout_loops_ring,
          minmay_misc_feat_secret_circle, minmay_strange_pillars
D:2:      layout_basic, shapermc_ecumenical_altar_venn, uniq_jessica,
          uniq_crazy_yiuf_cottage, uniq_natasha

Skill      XL: |  1  2 |
---------------+-------+-----
Armour         | 4 |  4.1
Fighting       | 4 |  4.1
Shields        | 4 |  4.0
Long Blades    | |  2.6

Action                     || total
---------------------------++-------
  Melee: Long sword        ||    35
         Headbutt          ||     4
    Use: Scroll            ||     4
 Armour: Scale mail        ||    21
  Dodge: Dodged            ||    13
  Block: Buckler           ||     6
